 Dungeon Crawl Stone Soup version 0.31-a0-233-g139696dc86 (webtiles) character file.

Game seed: 7961380558384375178

123 Ottie3000 the Chopper (level 4, -2/37 HPs)
             Began as a Draconian Warper on July 9, 2023.
             Slain by an iguana (10 damage)
             ... on level 4 of the Dungeon.
             The game lasted 00:29:32 (2490 turns).

Ottie3000 the Chopper (Draconian Warper)            Turns: 2490, Time: 00:29:33

Health: -2/37      AC:  5    Str: 15    XL:     4   Next: 79%
Magic:  7/7        EV: 12    Int: 14    God:
Gold:   156        SH:  0    Dex: 10    Spells: 7/7 levels left

rFire   . . .        a - +0 hand axe
rCold   . . .        (no shield)
rNeg    . . .        (body armour unavailable)
rPois   .            (helmet restricted)
rElec   .            (no cloak)
rCorr   .            (no gloves)
SInv    .            (no boots)
Will    .....        (no amulet)
Stlth   +            (no ring)
HPRegen 0.26/turn    (no ring)
MPRegen 0.10/turn

%: no passive effects
@: no status effects
A: AC +5, unfitting armour, cold-blooded
a: no special abilities


You were on level 4 of the Dungeon.
You visited 1 branch of the dungeon, and saw 4 of its levels.

You collected 156 gold pieces.

Inventory:

Hand Weapons
 a - a +0 hand axe (weapon)
 d - a +0 spear
 f - a +0 dagger
Missiles
 c - 4 boomerangs of dispersal (quivered)
 r - a boomerang
 u - 2 throwing nets
Magical Staves
 g - a staff of poison
Scrolls
 b - a scroll of blinking
 e - 2 scrolls of teleportation {unknown}
 h - 3 scrolls of immolation {unknown}
 i - a scroll of revelation {unknown}
 k - a scroll of amnesia {unknown}
 n - 4 scrolls of identify {unknown}
 o - 2 scrolls of noise {unknown}
 p - a scroll of torment {unknown}
Potions
 j - a potion of lignification {unknown}
 l - a potion of haste {unknown}
 m - a potion of berserk rage {unknown}
 q - a potion of heal wounds {unknown}
 s - a potion of brilliance {unknown}
 t - a potion of enlightenment {unknown}


   Skills:
 + Level 2.6 Fighting
 + Level 3.6 Axes
 + Level 0.4(2.2) Polearms
 + Level 0.9 Throwing
 + Level 3.0 Dodging
 + Level 0.9 Stealth
 + Level 2.2 Spellcasting
 + Level 3.0 Translocations


You had 7 spell levels left.
You didn't know any spells.
Your spell library contained the following spells:

 Spells                   Type           Power      Damage    Failure   Level
 Blink                    Tloc           20%        N/A       10%         2
 Lesser Beckoning         Tloc           20%        N/A       10%         2
 Teleport Other           Tloc           10%        N/A       21%         3
 Cigotuvi's Dreadful Rot  Necr/Pois/Air  2%         N/A       34%         2
 Static Discharge         Conj/Air       2%         2-3/arc   34%         2
 Portal Projectile        Hex/Tloc       10%        N/A       36%         3
 Vhi's Electric Charge    Tloc/Air       10%        N/A       36%         3
 Manifold Assault         Tloc           10%        N/A       54%         4
 Call Canine Familiar     Summ           1%         N/A       56%         3
 Mephitic Cloud           Conj/Pois/Air  1%         N/A       56%         3
 Leda's Liquefaction      Hex/Erth       0%         N/A       93%         4
 Chain Lightning          Conj/Air       0%         2d1       100%        9


Dungeon Overview and Level Annotations

Branches:
Dungeon (4/15)
 Temple: D:4-7

Altars:
Elyvilon

Shops:
D:2 !(=*=


Innate Abilities, Weirdness & Mutations

Your plain brown scales are hard. (AC +5)
You cannot fit into any form of body armour.
You are cold-blooded and may be slowed by cold attacks.


Message History

The iguana closely misses you.
You hit the iguana but do no damage.
The iguana is lightly wounded.
The iguana barely misses you. The iguana closely misses you.
You hit the iguana but do no damage.
The iguana is lightly wounded.
The iguana barely misses you.
You hit the iguana but do no damage. You tail-slap the iguana.
The iguana is lightly wounded.
The iguana bites you but does no damage.
You hit the iguana but do no damage.
The iguana is lightly wounded.
The iguana bites you but does no damage.
You hit the iguana.
The iguana is moderately wounded.
The iguana barely misses you.
You closely miss the iguana.
The iguana is moderately wounded.
The iguana bites you.
You barely miss the iguana.
The iguana is moderately wounded.
The iguana bites you.
You hit the iguana. You punch the iguana, but do no damage.
The iguana is heavily wounded.
The iguana bites you!
You barely miss the iguana.
The iguana is heavily wounded.
The iguana closely misses you.
You hit the iguana.
The iguana is severely wounded.
The iguana completely misses you.
You hit the iguana.
The iguana is almost dead.
The iguana bites you!
* * * LOW HITPOINT WARNING * * *
The iguana barely misses you.
You barely miss the iguana.
The iguana is almost dead.
The iguana bites you!
You die...

#.....#
#....##
#....#
#....#
#....# .
#....#
...##+#....#
.........###
......l@.#
>........#
.........#
..........
..........#
..........#
..........#
..........#


You could see an iguana.

Vanquished Creatures
  A hound (D:4)
  4 adders
  An ufetubus (D:4)
  2 worms (D:2)
  A dart slug (D:2)
  An orc (D:3)
  4 ball pythons
  A bat (D:1)
  4 endoplasms
  2 giant cockroaches (D:1)
  3 hobgoblins
  2 jackals (D:1)
  A kobold (D:1)
  4 quokkas
  4 frilled lizards (D:2)
  4 goblins
  3 rats
42 creatures vanquished.

Notes
Turn   | Place    | Note
-------+----------+-------------------------------------------
     0 | D:1      | Ottie3000 the Draconian Warper began the quest for the Orb.
     0 | D:1      | Reached XP level 1. HP: 17/17 MP: 3/3
   228 | D:1      | Reached XP level 2. HP: 23/24 MP: 5/5
   916 | D:2      | Found Son Iwis's Jewellery Shoppe.
   918 | D:2      | Found Bowkerph's General Store.
  1152 | D:2      | Reached XP level 3. HP: 30/30 MP: 6/6
  1431 | D:2      | Found Keuriqath's Jewellery Shop.
  1460 | D:2      | Found Diolahax's Weapon Shoppe.
  1580 | D:2      | Found Beni Fiy's Distillery.
  1932 | D:3      | Reached XP level 4. HP: 36/37 MP: 7/7
  2182 | D:4      | Found a white marble altar of Elyvilon.
  2198 | D:4      | Got the Handbook of the Nimbus
  2490 | D:4      | Slain by an iguana

Illustrated notes

Levels and vault maps discovered:
D:1:      lemuel_arrival_hallway, layout_basic
D:2:      minmay_general_purpose_star, layout_basic, serial_shops,
          nicolae_shop_statue_plus, shop, shop, shop,
          nicolae_shop_just_a_little_nook, minmay_domino_4
D:3:      layout_loops_ring, dreamdust_ecumenical_altar_drowned_temple,
          ebering_ghost_inner_flame, lightli_sewer_entry_pipes,
          minmay_misc_feat_nine_boxes
D:4:      layout_gridville, nicolae_elyvilon_peaceful_grove,
          serial_bayou_lake_a, uniq_pikel

Skill      XL: |  1  2  3  4 |
---------------+-------------+-----
Axes           | 3 |  3.6
Dodging        | 3 |  3.0
Fighting       | |  2.6
Polearms       | |  0.4
Throwing       | |  0.9
Stealth        | |  0.9
Spellcasting   | |  2.2
Translocations | |  3.0

Action                     |  1- 3 |  4- 6 || total
---------------------------+-------+-------++-------
  Melee: Hand axe          |    77 |    51 ||   128
         Staff             |    31 |       ||    31
         Spear             |    14 |       ||    14
         Tailslap          |     8 |     3 ||    11
         Punch             |       |     1 ||     1
  Throw: Boomerang         |     3 |       ||     3
 Armour: Skin              |    42 |    19 ||    61
  Dodge: Dodged            |   105 |    45 ||   150

Table legend: (Time is in decaauts)
 A = Elapsed time spent in this place.
 B = Non-inter-level travel time spent in this place.
 C = Inter-level travel time spent in this place.
 D = Time resting spent in this place.
 E = Time spent auto-exploring this place.
 F = Levels seen in this place.
 G = Mean time per level.
                   A        B        C        D        E       F      G
               +--------+--------+--------+--------+--------+-----+--------+
         Total |   2515 |   2492 |     23 |      0 |      0 |   4 |  628.8 |
       Dungeon |   2515 |   2492 |     23 |      0 |      0 |   4 |  628.8 |
               +--------+--------+--------+--------+--------+-----+--------+

Top non-repeatable levels by time:
     D:2: 1070 daAuts
     D:1: 925 daAuts
     D:4: 450 daAuts
     D:3: 69 daAuts
